 Dungeon Crawl Stone Soup version bcrawl-1.27.6 (webtiles) character file.

Game seed: 17290085599741786428

269801 Faustar the Fighter (level 9, -9/62 HPs)
             Began as a Gargoyle Fighter on Sept 7, 2020.
             Mangled by an ogre
             ... wielding a cursed +0 giant spiked club
              (14 damage)
             ... on level 5 of the Dungeon.
             The game lasted 00:11:29 (5892 turns).

Faustar the Fighter (Gargoyle Fighter)              Turns: 5892, Time: 00:11:29

Health: -9/62      AC: 13    Str: 23    XL:     9   Next: 31%
Magic:  9/9        EV:  9    Int:  9    God:
Gold:   343        SH:  0    Dex:  9    Spells: 8/8 levels left

rFire    + . .     SeeInvis .   x - +1 flail (crush)
rCold    . . .     Gourm    .   (no shield)
rNeg     + . .     Faith    .   b - +0 scale mail
rPois    ∞         Spirit   .   (no helmet)
rElec    +         Reflect  .   (no cloak)
rCorr    .         Harm     .   (no gloves)
MR       .....                  (no boots)
Stlth    ..........             (no amulet)
HPRegen  0.20/turn              w - ring of protection from fire
MPRegen  0.11/turn              (no ring)

@: no status effects
A: negative energy resistance 1, electricity resistance, unbreathing,
petrification resistance, rot immunity, AC +6
a: no special abilities


You were on level 5 of the Dungeon.
You were not hungry.

You visited 1 branch of the dungeon, and saw 5 of its levels.
You also visited: Sewer.

You collected 343 gold pieces.

Inventory:

Hand Weapons
 a - a +0 flail
 x - a +1 flail of crushing (weapon)
Armour
 b - a +0 scale mail (worn)
 c - a +0 medium shield
Jewellery
 w - a ring of protection from fire (left hand)
Wands
 o - a wand of random effects (5)
Scrolls
 f - 2 scrolls of remove curse {unknown}
 g - 4 scrolls of teleportation {unknown}
 h - 2 scrolls of fear
 s - 4 scrolls of fog {unknown}
 t - a scroll of magic mapping {unknown}
 v - a scroll of enchant armour {unknown}
 y - a scroll of identify
Potions
 d - 2 potions of might
 i - 2 potions of cancellation
 j - 4 potions of curing
 k - a potion of heal wounds {unknown}
 m - a potion of berserk rage {unknown}
 n - a potion of agility {unknown}
 p - a potion of mutation
 q - 2 potions of magic {unknown}
 r - a potion of flight
 u - a potion of invisibility {unknown}
Comestibles
 e - 15 rations {!d}
 l - 3 chunks of flesh


   Skills:
 + Level 9.9 Fighting
 + Level 8.8 Maces & Flails
 - Level 3.2 Armour
 - Level 3.2 Shields


You had 8 spell levels left.
You didn't know any spells.
Your spell library was empty.

Dungeon Overview and Level Annotations

Branches:
Dungeon (5/12)
 Temple: D:4-7

Altars:
Ashenzari
Dithmenos
Elyvilon
Fedhas
Gozag
Lugonu
Makhleb
Nemelex Xobeh
Trog
Uskayaw
Vehumet
Wu Jian

Annotations:
D:4 3 runed translucent doors, Maksi666's ghost, amateur HuHu


Innate Abilities, Weirdness & Mutations

You are resistant to torment.
Your stone body is resilient. (AC +6)
You are immune to poison.
You resist negative energy. (rN+)
You are resistant to electric shocks. (rElec)
You can survive without breathing.
You are immune to petrification.
You are immune to rotting.


Message History

Things that are here:
a +0 flail; a +0 leather armour; an orc skeleton The ogre hits you with a cursed +0 giant spiked club.
You barely miss the ogre.
The ogre hits you with a cursed +0 giant spiked club!!
You hit the ogre.
The ogre is moderately wounded.
You hit the ogre.
Ssssck.
The ogre is moderately wounded.
The ogre closely misses you.
Your scale mail prevents you from hitting the ogre.
The ogre is moderately wounded.
The ogre hits you with a cursed +0 giant spiked club!!
* * * LOW HITPOINT WARNING * * *
You hit the ogre.
Snnnck.
The ogre is heavily wounded.
You hit the ogre but do no damage.
Ssssck.
The ogre is heavily wounded.
The ogre hits you with a cursed +0 giant spiked club!
You die...

###.###.###.# #. ...... ###
........# #.# #. ...... #.##
###.###.###.# #. #....# ### #..#
##.#........# #.##.....###⌠###...
55##.####.#.# #?..†....##..)##...
####.####.#.# #........#8...8#.##
#.##...#.# ##(#..#####...##.#
#r##.###.# #O#..# #...##.#
#.##.###.####@##.# ##...##'##
#.##.......##.# #...#8...8#..# #
#.[......#.##.####.###...##... ##
###.#.####..........##...##...
.####.###.###..####...<##...##...
.'<....#...)...........#8...8#...
.####...#.###..####....##...##...
## ##.........# #.....##........
# ####)####.###.###.#####.....


You could see an ogre.

Vanquished Creatures
  Prince Ribbit (D:5)
  Sigmund (D:4)
  Eustachio (D:5)
  Edmund (D:5)
  An ice beast (D:5)
  A phantom (D:5)
  2 ogres
  2 centaurs (D:5)
  3 big kobolds (Sewer)
  A bullfrog (D:4)
  2 crimson imps
  2 hounds
  3 orc wizards
  3 orc priests
  A jelly (D:5)
  A bullfrog skeleton (D:4)
  7 worker ants
  A worker ant zombie (D:5)
  8 adders
  A river rat (Sewer)
  4 oozes
  3 adder skeletons (D:5)
  6 worms
  4 dart slugs
  3 leopard geckos
  17 orcs
  5 ball pythons
  5 giant cockroaches
  2 goblins
  11 hobgoblins
  3 jackals
  4 quokkas
  6 bats
  3 frilled lizards
  11 kobolds
  4 rats
134 creatures vanquished.

Notes
Turn   | Place    | Note
-------+----------+-------------------------------------------
     0 | D:1      | Faustar the Gargoyle Fighter began the quest for the Orb.
     0 | D:1      | Reached XP level 1. HP: 14/14 MP: 1/1
   241 | D:1      | Reached XP level 2. HP: 13/19 MP: 2/2
  1127 | D:2      | Reached skill level 4 in Fighting
  1127 | D:2      | Reached XP level 3. HP: 24/24 MP: 3/3
  1434 | D:2      | Found a bloodstained altar of Trog.
  1436 | D:2      | Found a shattered altar of Ashenzari.
  1437 | D:2      | Found a shadowy altar of Dithmenos.
  1438 | D:2      | Found a hide-covered altar of Uskayaw.
  1438 | D:2      | Found a radiant altar of Vehumet.
  1438 | D:2      | Found a corrupted altar of Lugonu.
  1621 | D:2      | Found an ornate altar of the Wu Jian Council.
  1731 | D:2      | Found a burning altar of Makhleb.
  1738 | D:2      | Reached XP level 4. HP: 27/30 MP: 4/4
  2046 | D:3      | Found a white marble altar of Elyvilon.
  2145 | D:3      | Reached skill level 5 in Fighting
  2145 | D:3      | Reached XP level 5. HP: 26/35 MP: 5/5
  2271 | D:3      | Found a glowing drain.
  2289 | Sewer    | Entered a sewer
  2462 | Sewer    | Noticed a big kobold
  2493 | Sewer    | Killed a big kobold
  2493 | Sewer    | Reached XP level 6. HP: 31/40 MP: 6/6
  2697 | Sewer    | Reached skill level 6 in Fighting
  2753 | Sewer    | Reached skill level 5 in Maces & Flails
  2986 | D:3      | Reached XP level 7. HP: 40/47 MP: 7/7
  3654 | D:4      | Reached skill level 7 in Fighting
  3869 | D:4      | Found a runed translucent gate.
  3869 | D:4      | Found a runed translucent gate.
  3869 | D:4      | Found a runed translucent gate.
  3870 | D:4      | Found an opulent altar of Gozag.
  3870 | D:4      | Noticed a two-headed ogre
  3870 | D:4      | Noticed Maksi666's ghost (amateur HuHu)
  4129 | D:4      | Noticed Sigmund
  4136 | D:3      | Reached XP level 8. HP: 47/53 MP: 8/8
  4220 | D:4      | Killed Sigmund
  4404 | D:4      | Reached skill level 8 in Fighting
  4517 | D:5      | Entered Level 5 of the Dungeon
  4558 | D:5      | Noticed Prince Ribbit
  4576 | D:5      | Killed Prince Ribbit
  5102 | D:5      | Noticed Eustachio
  5174 | D:5      | Killed Eustachio
  5174 | D:5      | Reached skill level 9 in Fighting
  5333 | D:5      | Reached XP level 9. HP: 60/60 MP: 9/9
  5424 | D:5      | Found a blossoming altar of Fedhas.
  5509 | D:5      | Noticed Edmund
  5521 | D:5      | Killed Edmund
  5703 | D:5      | Found a sparkling altar of Nemelex Xobeh.
  5892 | D:5      | Mangled by an ogre

Skill      XL: |  1  2  3  4  5  6  7  8 |
---------------+-------------------------+-----
Fighting       | 4 5 6 7 9 |  9.9
Maces & Flails | 3 4 5 6 8 |  8.8
Armour         | |  3.2
Shields        | |  3.2

Action                   |  1- 3 |  4- 6 |  7- 9 || total
-------------------------+-------+-------+-------++-------
Melee: Flail             |   129 |   237 |   327 ||   693
Evoke: Wand              |       |       |    19 ||    19
  Use: Scroll            |       |       |     6 ||     6
 Stab: Distracted        |     1 |       |       ||     1
  Eat: Chunk             |     5 |    14 |    18 ||    37
Armor: Scale mail        |    98 |   123 |   179 ||   400
Dodge: Dodged            |    41 |   112 |   168 ||   321
Block: Medium shield     |    58 |       |       ||    58
